 Dungeon Crawl Stone Soup version 0.20-a0-1078-g4874019 (webtiles) character file.

54 GlassEater the Bolt Thrower (level 4, -5/27 HPs)
             Began as a Kobold Hunter on May 1, 2017.
             Killed by divine providence
             ... invoked by an orc priest
              (15 damage)
             ... on level 3 of the Dungeon.
             The game lasted 00:03:44 (2028 turns).

GlassEater the Bolt Thrower (Kobold Hunter)         Turns: 2028, Time: 00:03:45

Health: -5/27      AC:  9    Str:  9    XL:     4   Next: 12%
Magic:  4/4        EV:  6    Int: 12    God:
Gold:   68         SH:  0    Dex: 16    Spells: 3/3 levels left

rFire    . . .     SeeInvis .   b - +0 short sword
rCold    . . .     Gourm    .   (shield restricted)
rNeg     + . .     Faith    .   p - +0 chain mail {MR+}
rPois    .         Spirit   .   (no helmet)
rElec    .         Reflect  .   (no cloak)
rCorr    .         Harm     .   (no gloves)
MR       +....                  h - +0 pair of boots
Stlth    ..........             (no amulet)
Regen    0.1/turn               m - ring of positive energy
MPRegen  0.1/turn               (no ring)

@: no status effects
A: carnivore 3
a: no special abilities


You were on level 3 of the Dungeon.
You were completely stuffed.

You visited 1 branch of the dungeon, and saw 3 of its levels.

You collected 68 gold pieces.

Inventory:

Hand Weapons
 a - a +1 hand crossbow
 b - a +0 short sword (weapon)
Missiles
 d - 48 bolts
Armour
 h - a +0 pair of boots (worn)
 p - a +0 chain mail of magic resistance (worn)
Jewellery
 c - a cursed -2 ring of protection {unknown}
 m - a ring of positive energy (left hand)
Scrolls
 g - 2 scrolls of teleportation {unknown}
 i - a scroll of recharging {unknown}
 k - a scroll of identify {unknown}
 l - a scroll of amnesia {unknown}
 n - a scroll of remove curse {unknown}
 o - a scroll of blinking {unknown}
Potions
 e - a potion of might {unknown}
 j - a potion of curing {unknown}
Comestibles
 f - 3 meat rations
 q - 5 chunks of flesh


   Skills:
 + Level 2.5 Fighting
 + Level 1.6 Short Blades
 + Level 5.7 Crossbows
 + Level 2.9 Dodging
 - Level 1.3 Stealth


You had 3 spell levels left.
You didn't know any spells.

Dungeon Overview and Level Annotations

Branches:
Dungeon (3/15)

Altars:
Zin


Innate Abilities, Weirdness & Mutations

You are small and have problems with some larger weapons.
You are carnivorous and can eat meat at any time.


Message History

You hit the orc priest.
The orc priest is lightly wounded.
The orc priest hits you with a mace!
You barely miss the orc priest.
The orc priest is lightly wounded.
The orc hits you but does no damage.
Your chain mail prevents you from hitting the orc priest.
The orc priest is lightly wounded.
The orc priest hits you but does no damage.
The orc hits you but does no damage.
You hit the orc priest.
The orc priest is heavily wounded.
The orc priest completely misses you. The orc hits you but does no damage.
You hit the orc priest.
The orc priest is heavily wounded.
The orc barely misses you.
The orc priest calls down the wrath of Beogh upon you.
Beogh smites you!
Ouch! That really hurt!
You die...

#.# #.# #
#.#####.#####
#.##...<.oo.#
#.##.##.##... #
### #.##o# #
#.#<###.##o#
#..@o##.##.#
##...o.#.##.#
#........##.#
##.....#.##.#####.
##...##...........
##.######.#######
#.# #.# #.# #.. ..
###.


You could see an orc priest and an orc.

Vanquished Creatures
  An adder (D:2)
  3 dart slugs
  2 leopard geckos
  An orc (D:2)
  3 ball pythons (D:1)
  3 giant cockroaches
  4 goblins
  3 hobgoblins
  2 jackals (D:1)
  2 kobolds (D:1)
  A quokka (D:2)
  A bat (D:2)
  3 frilled lizards (D:2)
  6 rats
35 creatures vanquished.

Notes
Turn   | Place    | Note
-------+----------+-------------------------------------------
     0 | D:1      | GlassEater the Kobold Hunter began the quest for the Orb.
     0 | D:1      | Reached XP level 1. HP: 12/12 MP: 1/1
    19 | D:1      | Reached skill level 5 in Crossbows
    62 | D:1      | Reached XP level 2. HP: 16/17 MP: 2/2
   486 | D:1      | Reached skill level 1 in Short Blades
   583 | D:1      | Reached XP level 3. HP: 22/22 MP: 3/3
  1021 | D:2      | Found a glowing silver altar of Zin.
  1426 | D:2      | Reached XP level 4. HP: 10/27 MP: 4/4
  2028 | D:3      | Killed from afar by an orc priest

Vault maps used:
D:1:      minmay_arrival_radiant_lines, minmay_fountain_box, minmay_door_square
D:2:      old_standard_altar
D:3:      minivault_26

Skill      XL: |  1  2 |
---------------+-------+-----
Crossbows      | 5 |  5.7
Short Blades   | 1 |  1.6
Fighting       | |  2.5
Dodging        | |  2.9
Stealth        | |  1.3

Action                   |  1- 3 |  4- 6 || total
-------------------------+-------+-------++-------
Melee: Short sword       |   134 |    17 ||   151
 Stab: Sleeping          |     6 |       ||     6
  Eat: Chunk             |    10 |     2 ||    12
Armor: Leather armour    |    32 |       ||    32
       Chain mail        |       |     6 ||     6
Dodge: Dodged            |   115 |     6 ||   121
